 Dungeon Crawl Stone Soup version 0.20-a0-629-gc37eb77 (webtiles) character file.

165 HarryHood the Skirmisher (level 5, 0/37 HPs)
             Began as a Gargoyle Fighter on Feb 11, 2017.
             Was an Initiate of Dithmenos.
             Splashed by a jelly's acid (7 damage)
             ... created by Jiyva
             ... on level 3 of the Dungeon.
             The game lasted 00:08:29 (2605 turns).

HarryHood the Skirmisher (Gargoyle Fighter)         Turns: 2605, Time: 00:08:29

Health: 0/37       AC:  8    Str: 19    XL:     5   Next: 46%
Magic:  5/5        EV:  5    Int:  9    God:    Dithmenos [......]
Gold:   186        SH:  9    Dex: 10    Spells: 4/4 levels left

rFire    . . .     SeeInvis .   a - +1 flail
rCold    . . .     Gourm    .   l - +0 chain mail
rNeg     + . .     Faith    .   c - +0 shield
rPois    ∞         Spirit   .   (no helmet)
rElec    +         Reflect  .   h - +1 cloak {+Inv}
rCorr    .         Harm     .   (no gloves)
MR       .....                  j - +0 pair of boots
Stlth    ..........             (no amulet)
Regen    0.2/turn               (no ring)
                                (no ring)

@: corroded, very slightly contaminated
A: negative energy resistance 1, electricity resistance, unbreathing,
petrification resistance, rot immunity, AC +4
a: Renounce Religion, Evoke Invisibility


You were on level 3 of the Dungeon.
You worshipped Dithmenos.
Dithmenos was noncommittal.
You were not hungry.

You visited 1 branch of the dungeon, and saw 3 of its levels.

You collected 186 gold pieces.

Inventory:

Hand Weapons
 a - a +1 flail (weapon)
 n - a +4 quarterstaff of chaos
Armour
 c - a +0 shield (worn)
 h - a +1 cloak of invisibility (worn)
 j - a +0 pair of boots (worn)
 l - a +0 chain mail (worn)
Scrolls
 q - 3 scrolls of identify {@r1}
 t - a scroll of amnesia {unknown}
 u - a scroll of teleportation {unknown}
Potions
 d - a potion of might
 e - 2 potions of curing {@q2}
 g - a potion of flight {unknown}
 i - a potion of mutation {unknown}
 m - a potion of heal wounds {unknown}
 s - 2 potions of degeneration {unknown}
Comestibles
 b - 2 fruits {@e2}
 f - a bread ration {@e1}
 k - a meat ration {@e1}
 o - a chunk of flesh


   Skills:
 * Level 6.5 Fighting
 - Level 2.0 Maces & Flails
 - Level 3.2 Armour
 - Level 3.2 Shields


You had 4 spell levels left.
You didn't know any spells.

Dungeon Overview and Level Annotations

Branches:
Dungeon (3/15)

Altars:
Dithmenos
Nemelex Xobeh
Jiyva


Innate Abilities, Weirdness & Mutations

You are resistant to torment.
Your stone body is resilient. (AC +4)
You are immune to poison.
You resist negative energy. (rN+)
You are resistant to electric shocks. (rElec)
You can survive without breathing.
You are immune to petrification.
You are immune to rotting.


Message History

You hit the jelly but do no damage.
Your hands burn!
The jelly is heavily wounded.
You block the jelly's attack.
You hit the jelly.
Your hands burn!
The jelly is severely wounded.
The jelly hits you but does no damage.
You hit the jelly but do no damage.
Your hands burn!
* * * LOW HITPOINT WARNING * * *
The jelly is severely wounded.
The jelly hits you.
* * * LOW HITPOINT WARNING * * *
The acid corrodes you!
You are splashed with acid!
The acid burns!
* * * LOW HITPOINT WARNING * * *
The jelly hits you but does no damage.
Your chain mail prevents you from hitting the jelly.
The jelly is severely wounded.
The jelly hits you.
* * * LOW HITPOINT WARNING * * *
You are splashed with acid!
The acid burns!
You die...

#.#####.#########...........#
##
#.#......J.........##########
#.#.##############.#
#.#.#.........<.##.#
#.#.#.#########.##.#
#.#.#.........#.##.##
#.#.########........#
#.#.................#
#.##########....@...# #.#####
#....J...# ......# #........#
#.###.######........# #.#
#...............# #.#
#...............# #.#
#.......#########
#.###.......#
............###########


You could see a jelly.

Vanquished Creatures
  Crazy Yiuf (D:2)
  Ijyb (D:3)
  5 adders
  2 worms
  5 leopard geckos
  6 giant cockroaches
  10 hobgoblins
  A jackal (D:1)
  3 quokkas
  A ball python (D:2)
  3 bats
  2 frilled lizards
  7 goblins
  6 kobolds
  2 rats
55 creatures vanquished.

Vanquished Creatures (others)
  A jelly (D:3)
  An orc (D:3)
2 creatures vanquished.

Grand Total: 57 creatures vanquished

Notes
Turn   | Place    | Note
-------+----------+-------------------------------------------
     0 | D:1      | HarryHood the Gargoyle Fighter began the quest for the Orb.
     0 | D:1      | Reached XP level 1. HP: 14/14 MP: 1/1
   210 | D:1      | Reached XP level 2. HP: 19/20 MP: 2/2
   247 | D:1      | Reached skill level 4 in Fighting
   470 | D:1      | Reached XP level 3. HP: 23/24 MP: 3/3
   866 | D:2      | Reached skill level 5 in Fighting
   914 | D:2      | Reached XP level 4. HP: 29/31 MP: 4/4
  1016 | D:2      | Found a shadowy altar of Dithmenos.
  1316 | D:2      | Found a runed door.
  1443 | D:2      | Found a faded altar of an unknown god.
  1528 | D:2      | Noticed Crazy Yiuf
  1537 | D:2      | Became a worshipper of Jiyva Joladewo the Shapeless
  1537 | D:2      | Reached * piety under Jiyva
  1611 | D:2      | Killed Crazy Yiuf
  1611 | D:2      | Reached skill level 6 in Fighting
  1611 | D:2      | Reached XP level 5. HP: 23/36 MP: 5/5
  1840 | D:3      | Found a sparkling altar of Nemelex Xobeh.
  1999 | D:3      | Noticed Ijyb
  2012 | D:3      | Killed Ijyb
  2586 | D:2      | Fell from the grace of Jiyva
  2586 | D:2      | Became a worshipper of Dithmenos the Shadowed
  2605 | D:3      | Splashed by a jelly's acid

Vault maps used:
D:1:      evilmike_arrival_run_for_it, serial_forest, infiniplex_forest_lined_3,
          infiniplex_forest_straight_5, infiniplex_forest_zigzag_2,
          infiniplex_forest_3_way, infiniplex_forest_clump_C,
          infiniplex_forest_lined_1, minmay_tromino_v4_a
D:2:      wad_crossroads, general_overflow_altar,
          chequers_ecumenical_altar_grove, uniq_crazy_yiuf_cottage
D:3:      overflow_temple_1_default, uniq_iyjb

Skill      XL: |  1  2  3  4 |
---------------+-------------+-----
Fighting       | 4 5 6 |  6.5
Maces & Flails | |  2.0
Armour         | |  3.2
Shields        | |  3.2

Action                   |  1- 3 |  4- 6 || total
-------------------------+-------+-------++-------
Melee: Flail             |   123 |   112 ||   235
Invok: Request Jelly     |       |     2 ||     2
  Use: Scroll            |     3 |     2 ||     5
  Eat: Chunk             |       |     6 ||     6
Armor: Scale mail        |    16 |       ||    16
       Chain mail        |    50 |    64 ||   114
Dodge: Dodged            |    37 |    23 ||    60
Block: Shield            |    76 |    67 ||   143
